 Dungeon Crawl Stone Soup version 0.29-a0-474-gdfe5cd140f (webtiles) character file.

Game seed: 1494576390095763857

30 dolemite99 the Shield-Bearer (level 3, -2/36 HPs)
             Began as a Troll Fighter on May 24, 2022.
             Was a Believer of Elyvilon.
             Succumbed to Sigmund's poison
             ... on level 2 of the Dungeon.
             The game lasted 00:01:01 (1014 turns).

dolemite99 the Shield-Bearer (Troll Fighter)        Turns: 1014, Time: 00:01:02

Health: -2/36      AC:  4    Str: 24    XL:     3   Next: 3%
Magic:  2/2        EV:  8    Int:  6    God:    Elyvilon [**....]
Gold:   32         SH:  7    Dex:  9    Spells: 2/2 levels left

rFire   . . .      SeeInvis .     - Unarmed
rCold   . . .      Faith    .   b - +0 kite shield
rNeg    . . .      Spirit   .   a - +0 robe
rPois   .          Reflect  .   (helmet restricted)
rElec   .          Harm     .   (no cloak)
rCorr   .          Rampage  .   (gloves unavailable)
Will    .....                   (boots unavailable)
Stlth   +.........              (no amulet)
HPRegen 0.92/turn               (no ring)
MPRegen 0.08/turn               (no ring)

@: mighty, brilliant, lethally poisoned (-2 -> -14)
A: large, unfitting armour, claws 3, regeneration 1, shaggy fur 1, tough skin 1
a: Renounce Religion, Purification, Heal Other


You were on level 2 of the Dungeon.
You worshipped Elyvilon.
Elyvilon was pleased with you.
You visited 1 branch of the dungeon, and saw 2 of its levels.

You collected 32 gold pieces.

Inventory:

Armour
 a - a +0 robe (worn)
 b - a +0 kite shield (worn)
Scrolls
 e - a scroll of blinking {unknown}


   Skills:
 - Level 2.4 Fighting
 - Level 2.4 Dodging
 + Level 3.1 Shields
 * Level 3.1 Unarmed Combat


You had 2 spell levels left.
You didn't know any spells.
Your spell library contained the following spells:

 Spells                   Type           Power      Damage    Failure   Level
 Blink                    Tloc           0%         N/A       87%         2
 Lesser Beckoning         Tloc           0%         N/A       98%         3
 Manifold Assault         Tloc           0%         N/A       100%        5


Dungeon Overview and Level Annotations

Branches:
Dungeon (2/15)

Altars:
Elyvilon

Annotations:
D:2 Sigmund


Innate Abilities, Weirdness & Mutations

You are too large for most types of armour.
You have claws for hands.
Your natural rate of healing is unusually fast.
You are covered in fur. (AC +1)
You have tough skin. (AC +1)


Message History

You are poisoned.
You feel very sick.
You feel very mighty all of a sudden.
You feel very sick. Sigmund misses you.
You barely miss Sigmund.
You feel sick. You block Sigmund's attack.
You completely miss Sigmund.
You feel sick.
You claw Sigmund!
Sigmund is moderately wounded.
You feel sick.
Sigmund mumbles some strange words.
Sigmund flickers and vanishes!
Deactivating autopickup; reactivate with Ctrl-A.
You hear some strange, mumbled words.
You are confused.
You feel sick. Something hits you but does no damage.
You are more poisoned.
You feel very sick.
You barely miss something.
You feel very sick. Something hits you.
You are more poisoned.
You closely miss something.
* * * LOW HITPOINT WARNING * * *
You feel very sick. Something hits you.
* * * LOW HITPOINT WARNING * * *
You are lethally poisoned!
You bump into the rock wall.
* * * LOW HITPOINT WARNING * * *
You feel very sick.
You closely miss something.
You feel less confused.
* * * LOW HITPOINT WARNING * * *
You feel very sick. Something hits you. Elyvilon protects you from harm!
You are more poisoned.
You barely miss something.
You die...

.. .#.##. ... ...##. ....
#.....# #####... ..#
#..##.# #.......
...#...#[##
#......##+##.#...#.<# .
#......##.#......#..# ...
#.........###.......##.....
#.......#...@....#....#
#.......#.#{..#....##.#
###.......#.#.#####..# .#
#...)...#.#†#.<.....>...#
#.......#.#.#....########
#.....{.#...#.......
........##..#...####.#
........$.........
...####....######.


There were no monsters in sight!

Vanquished Creatures
  An adder (D:2)
  3 ball pythons
  An endoplasm (D:1)
  A giant cockroach (D:1)
  3 goblins (D:1)
  3 quokkas
  4 bats
  3 rats (D:1)
19 creatures vanquished.

Notes
Turn   | Place    | Note
-------+----------+-------------------------------------------
     0 | D:1      | dolemite99 the Troll Fighter began the quest for the Orb.
     0 | D:1      | Reached XP level 1. HP: 22/22 MP: 0/0
     0 | D:1      | Found a faded altar of an unknown god.
    40 | D:1      | Prayed at the altar of an unknown god.
    40 | D:1      | Became a worshipper of Elyvilon the Healer
    40 | D:1      | Reached * piety under Elyvilon
    94 | D:1      | Reached XP level 2. HP: 29/29 MP: 1/1
   415 | D:2      | Reached ** piety under Elyvilon
   435 | D:2      | Reached XP level 3. HP: 36/36 MP: 2/2
   443 | D:2      | Noticed Sigmund
  1013 | D:2      | HP: 1/36 [poisoned by Sigmund]
  1013 | D:2      | Elyvilon protects you from harm!
  1014 | D:2      | Succumbed to Sigmund's poison

Illustrated notes

Levels and vault maps discovered:
D:1:      mrwooster_arrival_statue, layout_rooms, basic_ecumenical_altar,
          chequers_serial_rivers_large_a, minmay_misc_feat_room,
          wad_floor_pattern_2
D:2:      layout_basic, serial_shops, nicolae_shop_hallway_stairs, uniq_sigmund

Skill      XL: |  1  2 |
---------------+-------+-----
Shields        | 3 |  3.1
Unarmed Combat | 3 |  3.1
Fighting       | |  2.4
Dodging        | |  2.4

Action                   || total
-------------------------++-------
Melee: Unarmed           ||    63
  Use: Potion            ||     2
Armor: Robe              ||    32
Dodge: Dodged            ||    22
Block: Kite shield       ||    21

Table legend: (Time is in decaauts)
 A = Elapsed time spent in this place.
 B = Non-inter-level travel time spent in this place.
 C = Inter-level travel time spent in this place.
 D = Time resting spent in this place.
 E = Time spent auto-exploring this place.
 F = Levels seen in this place.
 G = Mean time per level.
                   A        B        C        D        E       F      G
               +--------+--------+--------+--------+--------+-----+--------+
         Total |   1033 |    988 |     45 |    519 |    261 |   2 |  516.5 |
       Dungeon |   1033 |    988 |     45 |    519 |    261 |   2 |  516.5 |
               +--------+--------+--------+--------+--------+-----+--------+

Top non-repeatable levels by time:
     D:1: 969 daAuts
     D:2: 64 daAuts
